 Dungeon Crawl Stone Soup version 0.27.0-1-g7a089689b8 (webtiles) character file.

Game seed: 5219657520567144823

461 Kukuleta the Skirmisher (level 6, -1/56 HPs)
             Began as a Draconian Gladiator on Aug 8, 2021.
             Was an Initiate of Sif Muna.
             Slain by Crazy Yiuf (7 damage)
             ... on level 4 of the Dungeon.
             The game lasted 00:11:41 (4547 turns).

Kukuleta the Skirmisher (Draconian Gladiator)       Turns: 4547, Time: 00:11:42

Health: -1/56      AC:  6    Str: 17    XL:     6   Next: 79%
Magic:  7/7        EV: 13    Int:  9    God:    Sif Muna [......]
Gold:   98         SH:  5    Dex: 13    Spells: 6/6 levels left

rFire    . . .     SeeInvis .   a - +0 long sword
rCold    . . .     Faith    .   (no shield)
rNeg     . . .     Spirit   .   (armour unavailable)
rPois    .         Reflect  +   b - +0 hat
rElec    .         Harm     .   (no cloak)
rCorr    .         Rampage  .   (no gloves)
Will     .....                  (no boots)
Stlth    +.........             i - amulet of reflection
HPRegen  0.18/turn              (no ring)
MPRegen  0.10/turn              (no ring)

@: lethally poisoned (-1 -> -12)
A: AC +6, unfitting armour, cold-blooded
a: Renounce Religion


You were on level 4 of the Dungeon.
You worshipped Sif Muna.
Sif Muna was noncommittal.
You visited 1 branch of the dungeon, and saw 4 of its levels.

You collected 98 gold pieces.

Inventory:

Hand Weapons
 a - a +0 long sword (weapon)
Missiles
 c - 2 throwing nets (quivered)
Armour
 b - a +0 hat (worn)
Jewellery
 i - an amulet of reflection (around neck)
Scrolls
 d - 3 scrolls of teleportation {unknown}
 e - 4 scrolls of identify {unknown}
 g - 2 scrolls of enchant weapon {unknown}
 l - a scroll of fog {unknown}
 n - 2 scrolls of enchant armour {unknown}
 o - a scroll of holy word {unknown}
 p - a scroll of noise {unknown}
 q - a scroll of vulnerability {unknown}
Potions
 f - 3 potions of heal wounds
 h - a potion of resistance {unknown}
 j - a potion of curing
 k - a potion of lignification {unknown}
 m - 2 potions of attraction {unknown}
 r - a potion of invisibility {unknown}


   Skills:
 + Level 5.6 Fighting
 + Level 4.6 Long Blades
 - Level 1.8 Throwing
 + Level 4.2 Dodging
 + Level 0.9 Spellcasting


You had 6 spell levels left.
You didn't know any spells.
Your spell library contained the following spells:

 Spells                   Type           Power      Damage    Failure   Level
 Gell's Gravitas          Tloc           0%         N/A       75%         3
 Teleport Other           Tloc           0%         N/A       75%         3
 Dispersal                Tloc           0%         N/A       100%        6


Dungeon Overview and Level Annotations

Branches:
Dungeon (4/15)
 Temple: D:4-7

Altars:
Qazlal
Sif Muna

Annotations:
D:3 Edmund
D:4 Crazy Yiuf


Innate Abilities, Weirdness & Mutations

Your plain brown scales are hard. (AC +6)
You cannot fit into any form of body armour.
You are cold-blooded and may be slowed by cold attacks.


Message History

It was a potion of heal wounds.
You feel much better.
You feel very sick.
Crazy Yiuf hits you with a +3 quarterstaff of chaos!
You are more poisoned.
You hit Crazy Yiuf but do no damage.
Crazy Yiuf is moderately wounded.
You feel extremely sick.
Crazy Yiuf hits you with a +3 quarterstaff of chaos.
You are lethally poisoned!
You hit Crazy Yiuf.
Crazy Yiuf is heavily wounded.
You feel extremely sick. Crazy Yiuf closely misses you.
It was a potion of curing.
You feel better. Crazy Yiuf barely misses you.
You riposte.
You hit Crazy Yiuf.
Crazy Yiuf is heavily wounded.
You hit Crazy Yiuf but do no damage.
Crazy Yiuf is heavily wounded.
You block Crazy Yiuf's attack.
You hit Crazy Yiuf.
You tail-slap Crazy Yiuf, but do no damage.
Crazy Yiuf is severely wounded.
You block Crazy Yiuf's attack.
You closely miss Crazy Yiuf.
Crazy Yiuf is severely wounded.
Crazy Yiuf closely misses you.
You riposte.
You barely miss Crazy Yiuf. You tail-slap Crazy Yiuf.
Crazy Yiuf is almost dead.
Crazy Yiuf hits you with a +3 quarterstaff of chaos!
You barely miss Crazy Yiuf.
Your tail-slap misses Crazy Yiuf.
Crazy Yiuf is almost dead.
Crazy Yiuf hits you with a +3 quarterstaff of chaos!
* * * LOW HITPOINT WARNING * * *
You are lethally poisoned!
You closely miss Crazy Yiuf.
Crazy Yiuf is almost dead.
* * * LOW HITPOINT WARNING * * *
You feel very sick.
Crazy Yiuf hits you with a +3 quarterstaff of chaos!
You die...

##...######.#.....#
###........########
# ########## #
##### # #)..# ####
#...# ...# #######
... ##.# #.....#
#g# #.# #.....#
♣@♣♣ ##.###.....#
♣♣.♣ ...##......#
♣.♣♣ #.###......#
♣♣.♣ #.###.##>###
♣♣.♣♣ #........#
♣♣...♣ .......#####
♣....♣ ...##......#
#....#
...###.....##
#....#########


You could see Crazy Yiuf.

Vanquished Creatures
  A sky beast (D:3)
  2 ogres
  A phantom (D:3)
  Jessica (D:2)
  Terence (D:2)
  2 adders
  An adder skeleton (D:4)
  An orc (D:3)
  9 ball pythons
  6 endoplasms
  2 giant cockroaches
  7 goblins
  4 hobgoblins
  3 jackals (D:1)
  3 quokkas
  3 bats
  3 frilled lizards
  7 kobolds
  8 rats
65 creatures vanquished.

Notes
Turn   | Place    | Note
-------+----------+-------------------------------------------
     0 | D:1      | Kukuleta the Draconian Gladiator began the quest for the
                  | Orb.
     0 | D:1      | Reached XP level 1. HP: 17/17 MP: 1/1
   539 | D:1      | Reached XP level 2. HP: 25/25 MP: 2/2
  1253 | D:1      | Reached XP level 3. HP: 27/30 MP: 3/3
  1296 | D:1      | Reached skill level 3 in Fighting
  1368 | D:2      | Noticed Jessica
  1376 | D:2      | Killed Jessica
  1607 | D:2      | Noticed Terence
  1626 | D:2      | Killed Terence
  1627 | D:2      | Reached XP level 4. HP: 16/40 MP: 4/4
  1907 | D:2      | Found a faded altar of an unknown god.
  2198 | D:3      | Noticed a phantom
  2209 | D:3      | Killed a phantom
  2210 | D:3      | Reached skill level 4 in Fighting
  2210 | D:3      | Reached XP level 5. HP: 19/47 MP: 5/5
  2414 | D:3      | Found a shimmering blue altar of Sif Muna.
  2420 | D:3      | Became a worshipper of Sif Muna the Loreminder
  2461 | D:3      | Noticed an ogre
  2471 | D:3      | Killed an ogre
  2699 | D:3      | Reached skill level 5 in Fighting
  2699 | D:3      | Reached XP level 6. HP: 48/56 MP: 6/6
  2921 | D:3      | Found a stormy altar of Qazlal.
  2997 | D:3      | Noticed a sky beast
  3009 | D:3      | Killed a sky beast
  3544 | D:4      | Noticed Edmund
  4404 | D:4      | Found a runed translucent door.
  4405 | D:4      | Noticed Crazy Yiuf
  4547 | D:4      | Slain by Crazy Yiuf

Illustrated notes

Levels and vault maps discovered:
D:1:      nzn_arrival_depleted_hourglass, layout_loops_corners, minivault_14,
          grunt_decor_junction, minmay_tromino_mix6
D:2:      layout_rooms, ebering_ecumenical_altar_webs, uniq_jessica,
          uniq_terence
D:3:      layout_loops_ring, mainiacjoe_overflow_big_doors, skrybe_limestone_x
D:4:      layout_loops_cross, amcnicky_mini_rare_corridor_liquid, uniq_edmund,
          uniq_crazy_yiuf_cottage

Skill      XL: |  1  2  3  4  5  6 |
---------------+-------------------+-----
Dodging        | 3 4 |  4.2
Fighting       | 3 4 5 |  5.6
Long Blades    | 4 |  4.6
Throwing       | |  1.8
Spellcasting   | |  0.9

Action                   |  1- 3 |  4- 6 || total
-------------------------+-------+-------++-------
Melee: Long sword        |    88 |   138 ||   226
       Tailslap          |    13 |    18 ||    31
Throw: Throwing net      |     1 |     2 ||     3
  Use: Potion            |       |     2 ||     2
 Stab: Sleeping          |     2 |     2 ||     4
Armor: Skin              |    25 |    16 ||    41
Dodge: Dodged            |    43 |    70 ||   113
Block: Other             |    10 |    39 ||    49
       Reflection        |       |     1 ||     1
       Rpst.: Long sword |    14 |    20 ||    34
